 Dungeon Crawl Stone Soup version 0.22.1-2-g9c5b331 (webtiles) character file.

70 diana the Skirmisher (level 4, -8/41 HPs)
             Began as a Minotaur Fighter on Nov 27, 2018.
             Killed by divine providence
             ... invoked by an orc priest
              (15 damage)
             ... on level 3 of the Dungeon.
             The game lasted 00:01:33 (1176 turns).

diana the Skirmisher (Minotaur Fighter)             Turns: 1176, Time: 00:01:34

Health: -8/41      AC:  6    Str: 21    XL:     4   Next: 4%
Magic:  3/3        EV:  7    Int:  5    God:
Gold:   77         SH:  9    Dex: 10    Spells: 3/3 levels left

rFire    . . .     SeeInvis .   a - +0 war axe
rCold    . . .     Gourm    .   c - +0 shield
rNeg     . . .     Faith    .   b - +0 scale mail
rPois    .         Spirit   .   (helmet restricted)
rElec    .         Reflect  .   (no cloak)
rCorr    .         Harm     .   (no gloves)
MR       .....                  (no boots)
Stlth    ..........             (no amulet)
HPRegen  0.13/turn              (no ring)
MPRegen  0.08/turn              (no ring)

@: lethally poisoned (-8 -> -10)
A: retaliatory headbutt, horns 2
a: no special abilities


You were on level 3 of the Dungeon.
You were hungry.

You visited 1 branch of the dungeon, and saw 3 of its levels.

You collected 77 gold pieces.

Inventory:

Hand Weapons
 a - a +0 war axe (weapon)
Armour
 b - a +0 scale mail (worn)
 c - a +0 shield (worn)
Jewellery
 p - a +2 ring of intelligence {unknown}
Scrolls
 e - a scroll of fog {unknown}
 h - a scroll of teleportation {unknown}
 i - a scroll of enchant weapon {unknown}
 l - 3 scrolls of identify {unknown}
 r - a scroll of immolation {unknown}
Potions
 d - a potion of might
 g - a potion of haste {unknown}
 j - a potion of magic {unknown}
 k - a potion of brilliance {unknown}
 m - 2 potions of mutation {unknown}
 n - a potion of cancellation {unknown}
 o - 2 potions of degeneration {unknown}
 q - 2 potions of curing {unknown}
Comestibles
 f - 4 rations


   Skills:
 + Level 4.9 Fighting
 + Level 4.1 Axes
 - Level 3.6 Armour
 - Level 3.6 Shields


You had 3 spell levels left.
You didn't know any spells.
Your spell library was empty.

Dungeon Overview and Level Annotations

Branches:
Dungeon (3/15)

Altars:
Makhleb
Sif Muna
Xom
Yredelemnul
The Shining One


Innate Abilities, Weirdness & Mutations

You reflexively headbutt those who attack you in melee.
You have a pair of horns on your head.


Message History

* * * LOW HITPOINT WARNING * * *
You are too injured to fight recklessly!
You are too injured to fight recklessly!
You are too injured to fight recklessly!
You hit the orc but do no damage.
The orc is heavily wounded.
You feel sick. You block the orc's attack. x2
You hit the orc.
The orc is heavily wounded.
You feel sick. You block the orc's attack.
You hit the orc but do no damage. You headbutt the orc, but do no damage.
The orc is heavily wounded.
You feel sick. You block the orc's attack.
You hit the orc.
You kill the orc!
You completely miss the orc.
You feel sick. You block the orc's attack. The orc hits you but does no damage.
The orc priest calls down the wrath of Beogh upon you.
Beogh smites you!
You die...

#.# #.# # #.#
...###.#
.......#####.#.
#.. #.<....g..
#.. #o########
...#o# #.#@#
#..(# #...#
#.)>†......
#.......#####
###.#.#.#
#.#.#.# #.#.#..
#.#.# #.


You could see an orc priest and an orc.

Vanquished Creatures
  2 adders (D:2)
  2 oozes (D:2)
  A worm (D:2)
  A leopard gecko (D:1)
  2 orcs (D:3)
  3 bats
  4 giant cockroaches
  4 hobgoblins
  A quokka (D:2)
  A ball python (D:3)
  2 frilled lizards
  8 goblins
  4 kobolds
  2 rats (D:2)
37 creatures vanquished.

Notes
Turn   | Place    | Note
-------+----------+-------------------------------------------
     0 | D:1      | diana the Minotaur Fighter began the quest for the Orb.
     0 | D:1      | Reached XP level 1. HP: 19/19 MP: 0/0
   127 | D:1      | Reached XP level 2. HP: 27/27 MP: 1/1
   149 | D:1      | Found a bloodstained altar of Trog.
   151 | D:1      | Found a shimmering altar of Xom.
   151 | D:1      | Found a basalt altar of Yredelemnul.
   153 | D:1      | Found a hide-covered altar of Uskayaw.
   153 | D:1      | Found a deep blue altar of Sif Muna.
   153 | D:1      | Found a glowing golden altar of the Shining One.
   440 | D:2      | Reached XP level 3. HP: 34/34 MP: 2/2
   837 | D:2      | Found a burning altar of Makhleb.
  1168 | D:3      | Reached XP level 4. HP: 28/41 MP: 3/3
  1176 | D:3      | Killed from afar by an orc priest

Skill      XL: |  1  2  3 |
---------------+----------+-----
Fighting       | 4 |  4.9
Axes           | 3 4 |  4.1
Armour         | |  3.6
Shields        | |  3.6

Action                   |  1- 3 |  4- 6 || total
-------------------------+-------+-------++-------
Melee: War axe           |    78 |     8 ||    86
       Headbutt          |     6 |     2 ||     8
Armor: Scale mail        |    32 |     2 ||    34
Dodge: Dodged            |    30 |       ||    30
Block: Shield            |    38 |     7 ||    45
